Blackhawks vs Red Wings
Created - May 26, 2022 at 19:34
Goals
|
| Blackhawks |
0 |
1 |
0 |
1 |
| Red Wings |
1 |
1 |
1 |
3 |
|
Shots
|
| Blackhawks |
7 |
20 |
7 |
34 |
| Red Wings |
12 |
8 |
10 |
30 |
|
1st period
1. Red Wings , Nino Niederreiter 32 (Marko Dano 40, Henrik Zetterberg 44) at 16:16
Penalties :
Henrik Zetterberg (Det) for Hooking (Minor) at 4:31, Calvin de Haan (Chi) for Hooking (Minor) at 18:08
2nd period
2. Red Wings , T.J. Hensick 11 (Michael Haley 6, Drew Fata 14) at 10:23 (SH)
3. Blackhawks , Jakob Silfverberg 26 (Johnny Gaudreau 48, Jordan Staal 37) at 18:02
Penalties :
Radko Gudas (Chi) for Tripping (Minor) at 6:14, Henrik Zetterberg (Det) for Tripping (Minor) at 9:33, Henrik Zetterberg (Det) for Kneeing (Minor) at 12:39, Mike Richards (Det) for Elbowing (Minor) at 15:19, Philip Samuelsson (Det) for Roughing (Minor) at 19:35
3rd period
4. Red Wings , Ole-Kristian Tollefsen 2 (Nino Niederreiter 42, Henrik Zetterberg 45) at 19:27 (Empty Net)
Penalties :
Mike Richards (Det) for Goalie Interference (Minor) at 13:32, Blake Wheeler (Chi) for Roughing (Minor) at 15:56
Goalie Stats
Tuukka Rask (Chi), 27 saves from 29 shots - (0.931), L, 23-20-8, 59:30 minutes
Robin Lehner (Det), 33 saves from 34 shots - (0.971), W, 32-15-6, 60:00 minutes
Players Stats for Blackhawks
Player Name G A P +/- PIM S H SB GA TA FO MP PP MP PK MP
------------------------------------------------------------------------------------
Alexander Frolov 0 0 0 0 0 2 3 1 1 1 0/0 12:38 0:51 1:01
Antoine Roussel 0 0 0 0 0 0 1 0 1 1 1/2 16:53 4:03 1:20
Blake Wheeler 0 0 0 0 2 0 1 0 0 0 0/0 11:24 0:39 0:00
Brett Maclean 0 0 0 -1 0 0 0 1 0 0 0/0 6:19 0:00 0:00
Calvin de Haan 0 0 0 -1 2 3 1 2 1 0 0/0 20:31 4:25 2:06
Colby Armstrong 0 0 0 -1 0 1 0 0 0 0 0/0 6:19 0:00 0:00
Corey Perry 0 0 0 0 0 0 2 0 0 0 2/4 16:45 4:15 1:01
Derek Roy 0 0 0 0 0 2 2 1 0 0 12/14 17:04 4:14 1:20
Jakob Silfverberg 1 0 1 -1 0 7 3 0 1 0 0/1 20:20 7:00 0:00
James Wright 0 0 0 0 0 1 1 0 0 2 4/7 11:22 0:36 0:00
Jamie McBain 0 0 0 0 0 2 0 4 1 1 0/0 30:32 7:29 3:14
Jay Bouwmeester 0 0 0 -1 0 1 0 0 0 0 0/0 10:29 0:00 1:55
Johnny Gaudreau 0 1 1 -1 0 7 2 0 1 0 1/1 24:10 7:00 3:36
Jordan Staal 0 1 1 -1 0 2 0 1 0 0 23/37 24:14 7:04 3:36
Matthew Spiller 0 0 0 -1 0 1 0 0 0 1 0/0 9:14 0:00 0:41
Nick Bonino 0 0 0 -1 0 1 0 0 0 1 1/6 6:19 0:00 0:00
Radko Gudas 0 0 0 0 2 2 1 0 1 3 0/0 29:15 7:31 1:56
Raphael Diaz 0 0 0 -1 0 2 1 1 1 1 0/0 20:12 4:23 2:02
Players Stats for Red Wings
Player Name G A P +/- PIM S H SB GA TA FO MP PP MP PK MP
------------------------------------------------------------------------------------
Carson Mcmillan 0 0 0 0 0 6 1 2 0 0 0/0 15:08 0:00 5:57
Connor Brown 0 0 0 0 0 3 1 0 1 1 0/0 13:46 3:08 0:00
David Rundblad 0 0 0 1 0 2 0 2 0 0 0/0 14:06 2:57 0:53
Drew Fata 0 1 1 0 0 2 1 1 1 1 0/0 21:46 0:00 7:13
Dylan Larkin 0 0 0 0 0 1 2 0 1 0 0/0 15:04 3:00 0:37
Henrik Zetterberg 0 2 2 2 6 2 2 1 2 0 11/32 17:58 2:49 0:00
Jiri Fischer 0 0 0 0 0 2 0 1 0 0 0/0 14:39 0:00 1:08
Jordin Tootoo 0 0 0 0 0 0 0 0 0 0 0/0 5:57 0:00 0:00
Kris Versteeg 0 0 0 0 0 0 1 0 3 0 6/16 19:00 3:08 6:01
Marko Dano 0 1 1 2 0 3 2 0 1 1 2/2 20:04 2:49 1:46
Michael Haley 0 1 1 0 0 1 1 1 0 0 0/0 10:47 0:00 3:56
Mike Richards 0 0 0 -1 4 2 1 0 0 1 7/17 14:29 3:08 0:00
Nino Niederreiter 1 1 2 2 0 3 3 1 0 0 0/0 20:02 2:49 1:44
Ole-Kristian Tollefsen 1 0 1 1 0 1 1 1 0 1 0/0 23:14 2:57 4:06
Philip Samuelsson 0 0 0 1 2 0 2 0 0 0 0/0 24:00 3:00 3:15
Ryan O'Byrne 0 0 0 1 0 0 0 1 1 2 0/0 18:20 0:00 7:13
T.J. Hensick 1 0 1 0 0 2 0 0 0 1 2/4 10:29 0:00 3:47
Tye McGinn 0 0 0 0 0 0 2 0 1 0 0/1 9:11 0:00 0:00
3 Stars
1 - Nino Niederreiter (Det)
2 - Robin Lehner (Det)
3 - Ole-Kristian Tollefsen (Det)
Power Play
Blackhawks - 0 on 6 Attempt(s) - 0.00%
Red Wings - 0 on 3 Attempt(s) - 0.00%
Penalty Kill
Blackhawks - 3 on 3 Attempt(s) - 100.00%
- Score 0 goal in Penalty Kill
Red Wings - 6 on 6 Attempt(s) - 100.00%
- Score 1 goal in Penalty Kill
Team Stat
Blackhawks - Hits : 18 - Faceoff Wins : 44 - Blocked Shots : 11 - Penalty Minutes : 6
Red Wings - Hits : 20 - Faceoff Wins : 28 - Blocked Shots : 11 - Penalty Minutes : 12
Official
Referees : Brad Meier and Ghislain Hebert
Linesman : Kiel Murchison and Tyson Baker
Game Notes
Ole-Kristian Tollefsen has scored in a empty net!
Finance
Level 1 -- Attendance: 6000 (100.00%) -- Ticket Income $600,000
Level 2 -- Attendance: 5000 (100.00%) -- Ticket Income $300,000
Level 3 -- Attendance: 1969 (98.45%) -- Ticket Income $68,915
Level 4 -- Attendance: 3831 (95.78%) -- Ticket Income $95,775
Luxury Box -- Attendance: 913 (91.30%) -- Ticket Income $182,600
Game was played at the Little Caesars arena.
Total Attendance: 17713 (98.41%)
Total Ticket Income: $1,247,290
Other Income: $187,094
Total Income: $1,434,384
Blackhawks
5 vs 5 Forward
Center Left Wing Right Wing Time % Phy DF OF
1 Jordan Staal Johnny Gaudreau Jakob Silfverberg 40 1 2 2
2 Derek Roy Antoine Roussel Corey Perry 30 1 2 2
3 James Wright Alexander Frolov Blake Wheeler 20 1 2 2
4 Nick Bonino Brett Maclean Colby Armstrong 10 1 2 2
5 vs 5 Defense
Defense Defense Time % Phy DF OF
1 Jamie McBain Radko Gudas 40 1 2 2
2 Raphael Diaz Calvin de Haan 30 1 2 2
3 Jay Bouwmeester Matthew Spiller 20 1 2 2
4 Jamie McBain Radko Gudas 10 1 2 2
PowerPlay Forward
Center Left Wing Right Wing Time % Phy DF OF
1 Jordan Staal Johnny Gaudreau Jakob Silfverberg 60 1 2 2
2 Derek Roy Antoine Roussel Corey Perry 40 1 2 2
PowerPlay Defense
Defense Defense Time % Phy DF OF
1 Jamie McBain Radko Gudas 60 1 2 2
2 Raphael Diaz Calvin de Haan 40 1 2 2
Penalty Kill 4 Players Forward
Center Wing Time % Phy DF OF
1 Jordan Staal Johnny Gaudreau 60 1 2 2
2 Derek Roy Antoine Roussel 40 1 2 2
Penalty Kill 4 Players Defense
Defense Defense Time % Phy DF OF
1 Jamie McBain Radko Gudas 60 1 2 2
2 Raphael Diaz Calvin de Haan 40 1 2 2
Penalty Kill - 3 Players Forward
Forward Time % Phy DF OF
1 Jordan Staal 60 1 2 2
2 Derek Roy 40 1 2 2
Penalty Kill - 3 Players Defense
Defense Defense Time % Phy DF OF
1 Jamie McBain Radko Gudas 60 1 2 2
2 Raphael Diaz Calvin de Haan 40 1 2 2
4 vs 4 Forward
Center Wing Time % Phy DF OF
1 Jordan Staal Johnny Gaudreau 60 1 2 2
2 Derek Roy Antoine Roussel 40 1 2 2
4 vs 4 Defense
Defense Defense Time % Phy DF OF
1 Jamie McBain Radko Gudas 60 1 2 2
2 Raphael Diaz Calvin de Haan 40 1 2 2
Last Minutes Offensive
Center Left Wing Right Wing Defense Defense
Jordan Staal Johnny Gaudreau Jakob Silfverberg Jamie McBain Radko Gudas
Last Minutes Defensive
Center Left Wing Right Wing Defense Defense
Jordan Staal Johnny Gaudreau Jakob Silfverberg Jamie McBain Radko Gudas
Goaltenders
Starting : Tuukka Rask
Backup : Josh Harding
Extra Forwards
Normal : Corey Perry, Derek Roy, Blake Wheeler - PP : Corey Perry, Derek Roy - PK : Corey Perry
Extra Defensemen
Normal : Calvin de Haan, Jay Bouwmeester, Matthew Spiller - PP : Calvin de Haan - PK : Calvin de Haan, Jay Bouwmeester
Penalty Shots
Johnny Gaudreau, Jakob Silfverberg, Antoine Roussel, Jordan Staal, Corey Perry
Scratches
Craig Cunningham (Healthy), Shane O'Brien (Healthy)
Red Wings
5 vs 5 Forward
Center Left Wing Right Wing Time % Phy DF OF
1 Henrik Zetterberg Marko Dano Nino Niederreiter 40 1 2 2
2 Mike Richards Dylan Larkin Connor Brown 30 1 2 2
3 Kris Versteeg Tye McGinn Carson Mcmillan 20 1 2 2
4 T.J. Hensick Michael Haley Jordin Tootoo 10 1 2 2
5 vs 5 Defense
Defense Defense Time % Phy DF OF
1 Philip Samuelsson Ole-Kristian Tollefsen 40 1 2 2
2 Drew Fata Jiri Fischer 30 1 2 2
3 David Rundblad Ryan O'Byrne 20 1 2 2
4 David Rundblad Ryan O'Byrne 10 1 2 2
PowerPlay Forward
Center Left Wing Right Wing Time % Phy DF OF
1 Henrik Zetterberg Marko Dano Nino Niederreiter 60 2 1 2
2 Mike Richards Kris Versteeg Connor Brown 40 2 1 2
PowerPlay Defense
Defense Defense Time % Phy DF OF
1 Philip Samuelsson Dylan Larkin 60 1 2 2
2 David Rundblad Ole-Kristian Tollefsen 40 1 2 2
Penalty Kill 4 Players Forward
Center Wing Time % Phy DF OF
1 Kris Versteeg Carson Mcmillan 60 0 4 1
2 T.J. Hensick Michael Haley 40 0 4 1
Penalty Kill 4 Players Defense
Defense Defense Time % Phy DF OF
1 Ryan O'Byrne Drew Fata 60 1 4 0
2 Philip Samuelsson Ole-Kristian Tollefsen 40 1 4 0
Penalty Kill - 3 Players Forward
Forward Time % Phy DF OF
1 Carson Mcmillan 60 1 4 0
2 Michael Haley 40 1 4 0
Penalty Kill - 3 Players Defense
Defense Defense Time % Phy DF OF
1 Ole-Kristian Tollefsen Ryan O'Byrne 60 0 5 0
2 Philip Samuelsson Drew Fata 40 0 5 0
4 vs 4 Forward
Center Wing Time % Phy DF OF
1 Henrik Zetterberg Marko Dano 55 1 2 2
2 Mike Richards Nino Niederreiter 45 1 2 2
4 vs 4 Defense
Defense Defense Time % Phy DF OF
1 Philip Samuelsson Ole-Kristian Tollefsen 60 1 2 2
2 Drew Fata Jiri Fischer 40 1 2 2
Last Minutes Offensive
Center Left Wing Right Wing Defense Defense
Henrik Zetterberg Marko Dano Nino Niederreiter Philip Samuelsson Connor Brown
Last Minutes Defensive
Center Left Wing Right Wing Defense Defense
T.J. Hensick Michael Haley Carson Mcmillan Ryan O'Byrne Drew Fata
Goaltenders
Starting : Robin Lehner
Backup : Mike McKenna
Extra Forwards
Normal : Dylan Larkin, Connor Brown, Nino Niederreiter - PP : T.J. Hensick, Carson Mcmillan - PK : Nino Niederreiter
Extra Defensemen
Normal : Philip Samuelsson, Drew Fata, Ryan O'Byrne - PP : Jiri Fischer - PK : Jiri Fischer, David Rundblad
Penalty Shots
Kris Versteeg, Dylan Larkin, Marko Dano, Mike Richards, Carson Mcmillan
Scratches
David Krejci (Healthy), Jakub Kindl (Healthy), Ryane Clowe (Healthy)
% Time on Ice - Blackhawks
Lines # - Real PCT - Wanted PCT - Time Play
Normal Forward
1 - 32% - 40% - 13:09
2 - 28% - 30% - 11:30
3 - 26% - 20% - 10:46
4 - 15% - 10% - 6:19
Normal Defense
1 - 43% - 40% - 17:48
2 - 33% - 30% - 13:47
3 - 20% - 20% - 8:33
4 - 4% - 10% - 1:36
PP Forward
1 - 64% - 60% - 7:36
2 - 36% - 40% - 4:18
PP Defense
1 - 63% - 60% - 7:31
2 - 37% - 40% - 4:23
PK Forward
1 - 78% - 60% - 4:37
2 - 22% - 40% - 1:20
PK Defense
1 - 66% - 60% - 3:55
2 - 34% - 40% - 2:02
PK3 Forward
1 - 0% - 60%
2 - 0% - 40%
PK3 Defense
1 - 0% - 60%
2 - 0% - 40%
44 Forward
1 - 0% - 60%
2 - 0% - 40%
44 Defense
1 - 0% - 60%
2 - 0% - 40%
Last Minute Offensive - 0:25
Last Minute Defensive - 0:00
Total
Forward - 60:00
Defense - 60:00
|
% Time on Ice - Red Wings
Lines # - Real PCT - Wanted PCT - Time Play
Normal Forward
1 - 37% - 40% - 15:38
2 - 27% - 30% - 11:23
3 - 22% - 20% - 9:11
4 - 14% - 10% - 5:57
Normal Defense
1 - 43% - 40% - 18:12
2 - 33% - 30% - 13:52
3 - 19% - 20% - 8:02
4 - 5% - 10% - 2:03
PP Forward
1 - 47% - 60% - 2:49
2 - 53% - 40% - 3:08
PP Defense
1 - 50% - 60% - 3:00
2 - 50% - 40% - 2:57
PK Forward
1 - 68% - 60% - 8:07
2 - 32% - 40% - 3:47
PK Defense
1 - 61% - 60% - 7:13
2 - 39% - 40% - 4:41
PK3 Forward
1 - 0% - 60%
2 - 0% - 40%
PK3 Defense
1 - 0% - 60%
2 - 0% - 40%
44 Forward
1 - 0% - 55%
2 - 0% - 45%
44 Defense
1 - 0% - 60%
2 - 0% - 40%
Last Minute Offensive - 0:00
Last Minute Defensive - 0:00
Total
Forward - 60:00
Defense - 60:00
|
Play-by-Play
1st period
0:01 of 1st period - Henrik Zetterberg wins face-off versus Jordan Staal in neutral zone.
0:10 of 1st period - Wrist shot by Marko Dano.
0:10 of 1st period - Stopped by Tuukka Rask without a rebound.
0:11 of 1st period - Antoine Roussel wins face-off versus Mike Richards in Blackhawks zone.
0:22 of 1st period - Antoine Roussel is hit by Connor Brown and loses puck.
0:27 of 1st period - Wrist shot by Mike Richards.
0:27 of 1st period - Shot Misses the Net.
0:37 of 1st period - Tye McGinn is hit by Alexander Frolov and loses puck.
0:55 of 1st period - Icing by Calvin de Haan.
0:56 of 1st period - Jordan Staal wins face-off versus Henrik Zetterberg in Blackhawks zone.
1:48 of 1st period - Icing by Philip Samuelsson.
1:49 of 1st period - Kris Versteeg wins face-off versus Antoine Roussel in Red Wings zone.
1:56 of 1st period - Wrist shot by Carson Mcmillan.
1:56 of 1st period - Stopped by Tuukka Rask with a rebound.
3:06 of 1st period - Snap shot by Carson Mcmillan.
3:06 of 1st period - Stopped by Tuukka Rask with a rebound.
3:22 of 1st period - Wrist shot by Kris Versteeg.
3:22 of 1st period - Shot Blocked by Jamie McBain.
3:38 of 1st period - Derek Roy is hit by Tye McGinn and loses puck.
4:04 of 1st period - Off-side.
4:05 of 1st period - Henrik Zetterberg wins face-off versus Jordan Staal in neutral zone.
4:16 of 1st period - Wrist shot by Jakob Silfverberg.
4:16 of 1st period - Stopped by Robin Lehner without a rebound.
4:17 of 1st period - Henrik Zetterberg wins face-off versus Jordan Staal in Red Wings zone.
4:31 of 1st period - Minor Penalty to Henrik Zetterberg for Hooking.
4:32 of 1st period - Jordan Staal wins face-off versus T.J. Hensick in Red Wings zone.
5:20 of 1st period - T.J. Hensick is hit by Blake Wheeler and loses puck.
6:15 of 1st period - Dylan Larkin is hit by Corey Perry.
6:31 of 1st period - Penalty to Henrik Zetterberg is over, Henrik Zetterberg is back on ice.
6:39 of 1st period - Slapshot by Henrik Zetterberg.
6:39 of 1st period - Stopped by Tuukka Rask without a rebound.
6:40 of 1st period - Nick Bonino wins face-off versus Henrik Zetterberg in Blackhawks zone.
6:40 of 1st period - Nick Bonino is hit by Nino Niederreiter.
6:46 of 1st period - Snap shot by Henrik Zetterberg.
6:46 of 1st period - Stopped by Tuukka Rask with a rebound.
6:48 of 1st period - Slapshot by Jiri Fischer.
6:48 of 1st period - Stopped by Tuukka Rask with a rebound.
7:43 of 1st period - Jiri Fischer is hit by Raphael Diaz and loses puck.
7:52 of 1st period - Nick Bonino is hit by Henrik Zetterberg and loses puck.
8:07 of 1st period - Wrist shot by Alexander Frolov.
8:07 of 1st period - Stopped by Robin Lehner without a rebound.
8:08 of 1st period - James Wright wins face-off versus Kris Versteeg in Red Wings zone.
8:25 of 1st period - Snap shot by Carson Mcmillan.
8:25 of 1st period - Shot Misses the Net.
8:33 of 1st period - Kris Versteeg is hit by Alexander Frolov and loses puck.
8:46 of 1st period - Carson Mcmillan is hit by Alexander Frolov and loses puck.
9:01 of 1st period - Tye McGinn is hit by Radko Gudas and loses puck.
9:06 of 1st period - Slapshot by Alexander Frolov.
9:06 of 1st period - Shot Misses the Net.
9:28 of 1st period - Snap shot by Carson Mcmillan.
9:28 of 1st period - Shot Blocked by Calvin de Haan.
9:38 of 1st period - Wrist shot by Carson Mcmillan.
9:38 of 1st period - Stopped by Tuukka Rask without a rebound.
9:39 of 1st period - Jordan Staal wins face-off versus Henrik Zetterberg in Blackhawks zone.
9:52 of 1st period - Slapshot by Jamie McBain.
9:52 of 1st period - Deflect By Jiri Fischer.
9:52 of 1st period - Stopped by Robin Lehner with a rebound.
10:13 of 1st period - Radko Gudas is hit by Mike Richards and loses puck.
11:12 of 1st period - Wrist shot by Nino Niederreiter.
11:12 of 1st period - Stopped by Tuukka Rask without a rebound.
11:13 of 1st period - Jordan Staal wins face-off versus Henrik Zetterberg in Blackhawks zone.
11:45 of 1st period - Snap shot by Derek Roy.
11:45 of 1st period - Stopped by Robin Lehner without a rebound.
11:46 of 1st period - Jordan Staal wins face-off versus Henrik Zetterberg in Red Wings zone.
12:57 of 1st period - Slapshot by Drew Fata.
12:57 of 1st period - Stopped by Tuukka Rask with a rebound.
13:03 of 1st period - Slapshot by T.J. Hensick.
13:03 of 1st period - Shot Blocked by Brett Maclean.
13:24 of 1st period - Icing by Ole-Kristian Tollefsen.
13:25 of 1st period - Henrik Zetterberg wins face-off versus Jordan Staal in Red Wings zone.
14:12 of 1st period - Snap shot by Raphael Diaz.
14:12 of 1st period - Shot Misses the Net.
14:17 of 1st period - Off-side.
14:18 of 1st period - Mike Richards wins face-off versus James Wright in neutral zone.
14:48 of 1st period - Off-side.
14:49 of 1st period - Derek Roy wins face-off versus Mike Richards in neutral zone.
14:52 of 1st period - Jiri Fischer is hit by Derek Roy and loses puck.
15:03 of 1st period - Jiri Fischer is hit by Corey Perry and loses puck.
15:28 of 1st period - Wrist shot by Johnny Gaudreau.
15:28 of 1st period - Shot Misses the Net.
15:42 of 1st period - Nino Niederreiter is hit by James Wright and loses puck.
15:53 of 1st period - Wrist shot by Alexander Frolov.
15:53 of 1st period - Shot Misses the Net.
15:55 of 1st period - Wrist shot by Alexander Frolov.
15:55 of 1st period - Shot Misses the Net.
16:10 of 1st period - Icing by Nino Niederreiter.
16:11 of 1st period - Henrik Zetterberg wins face-off versus Nick Bonino in Red Wings zone.
16:16 of 1st period - Wrist shot by Nino Niederreiter.
16:16 of 1st period - Goal by Nino Niederreiter - Blackhawks : 0 - Red Wings : 1.
16:17 of 1st period - Jordan Staal wins face-off versus Mike Richards in neutral zone.
16:24 of 1st period - Snap shot by Johnny Gaudreau.
16:24 of 1st period - Deflect By Jakob Silfverberg.
16:24 of 1st period - Deflect By Mike Richards.
16:24 of 1st period - Stopped by Robin Lehner without a rebound.
16:25 of 1st period - Jordan Staal wins face-off versus Mike Richards in Red Wings zone.
16:30 of 1st period - Wrist shot by Johnny Gaudreau.
16:30 of 1st period - Deflect By Jakob Silfverberg.
16:30 of 1st period - Shot Misses the Net.
16:30 of 1st period - Puck is out of play.
16:31 of 1st period - Jordan Staal wins face-off versus Henrik Zetterberg in Red Wings zone.
16:34 of 1st period - Wrist shot by Jordan Staal.
16:34 of 1st period - Stopped by Robin Lehner with a rebound.
17:09 of 1st period - Wrist shot by Mike Richards.
17:09 of 1st period - Stopped by Tuukka Rask with a rebound.
17:42 of 1st period - Brett Maclean is hit by Kris Versteeg and loses puck.
18:08 of 1st period - Minor Penalty to Calvin de Haan for Hooking.
18:09 of 1st period - Henrik Zetterberg wins face-off versus Jordan Staal in Blackhawks zone.
18:16 of 1st period - Snap shot by Nino Niederreiter.
18:16 of 1st period - Stopped by Tuukka Rask with a rebound.
18:26 of 1st period - Jordan Staal is hit by Henrik Zetterberg and loses puck.
18:37 of 1st period - Jordan Staal is hit by Philip Samuelsson and loses puck.
19:16 of 1st period - Wrist shot by Jamie McBain.
19:16 of 1st period - Stopped by Robin Lehner without a rebound.
19:17 of 1st period - Mike Richards wins face-off versus Corey Perry in Red Wings zone.
Goals for this period are 0 for Blackhawks vs 1 for Red Wings.
Shots for this period are 7 for Blackhawks vs 12 for Red Wings.
2nd period
0:01 of 2nd period - Jordan Staal wins face-off versus Henrik Zetterberg in neutral zone.
0:08 of 2nd period - Penalty to Calvin de Haan is over, Calvin de Haan is back on ice.
0:14 of 2nd period - Jordan Staal is hit by Nino Niederreiter and loses puck.
0:59 of 2nd period - Wrist shot by Alexander Frolov.
0:59 of 2nd period - Stopped by Robin Lehner with a rebound.
1:40 of 2nd period - Slapshot by David Rundblad.
1:40 of 2nd period - Stopped by Tuukka Rask with a rebound.
1:58 of 2nd period - Snap shot by Jay Bouwmeester.
1:58 of 2nd period - Shot Misses the Net.
2:00 of 2nd period - Snap shot by Matthew Spiller.
2:00 of 2nd period - Stopped by Robin Lehner without a rebound.
2:01 of 2nd period - Mike Richards wins face-off versus James Wright in Red Wings zone.
3:14 of 2nd period - Slapshot by David Rundblad.
3:14 of 2nd period - Stopped by Tuukka Rask without a rebound.
3:15 of 2nd period - James Wright wins face-off versus Mike Richards in Blackhawks zone.
3:20 of 2nd period - Slapshot by Alexander Frolov.
3:20 of 2nd period - Shot Misses the Net.
3:30 of 2nd period - Snap shot by Dylan Larkin.
3:30 of 2nd period - Shot Hit the Post.
3:32 of 2nd period - Backhand shot by Jiri Fischer.
3:32 of 2nd period - Deflect By Dylan Larkin.
3:32 of 2nd period - Stopped by Tuukka Rask without a rebound.
3:33 of 2nd period - Jordan Staal wins face-off versus Henrik Zetterberg in Blackhawks zone.
4:09 of 2nd period - Icing by Calvin de Haan.
4:10 of 2nd period - Derek Roy wins face-off versus Henrik Zetterberg in Blackhawks zone.
4:10 of 2nd period - Derek Roy is hit by Nino Niederreiter.
4:15 of 2nd period - Off-side.
4:16 of 2nd period - Jordan Staal wins face-off versus Henrik Zetterberg in neutral zone.
5:08 of 2nd period - Alexander Frolov is hit by Carson Mcmillan and loses puck.
5:16 of 2nd period - Icing by Jiri Fischer.
5:17 of 2nd period - Kris Versteeg wins face-off versus Jakob Silfverberg in Red Wings zone.
5:21 of 2nd period - Icing by Drew Fata.
5:22 of 2nd period - Jordan Staal wins face-off versus Tye McGinn in Red Wings zone.
5:27 of 2nd period - Wrist shot by Johnny Gaudreau.
5:27 of 2nd period - Stopped by Robin Lehner without a rebound.
5:28 of 2nd period - Johnny Gaudreau wins face-off versus Henrik Zetterberg in Red Wings zone.
5:41 of 2nd period - Wrist shot by Jakob Silfverberg.
5:41 of 2nd period - Stopped by Robin Lehner without a rebound.
5:42 of 2nd period - Jordan Staal wins face-off versus Henrik Zetterberg in Red Wings zone.
5:43 of 2nd period - Slapshot by Jakob Silfverberg.
5:43 of 2nd period - Stopped by Robin Lehner with a rebound.
5:45 of 2nd period - Wrist shot by Jordan Staal.
5:45 of 2nd period - Shot Misses the Net.
5:49 of 2nd period - Snap shot by Johnny Gaudreau.
5:49 of 2nd period - Stopped by Robin Lehner with a rebound.
5:51 of 2nd period - Slapshot by Jamie McBain.
5:51 of 2nd period - Deflect By Jakob Silfverberg.
5:51 of 2nd period - Shot Blocked by David Rundblad.
5:51 of 2nd period - Puck is out of play.
5:52 of 2nd period - Jordan Staal wins face-off versus Henrik Zetterberg in Red Wings zone.
6:14 of 2nd period - Minor Penalty to Radko Gudas for Tripping.
6:15 of 2nd period - Henrik Zetterberg wins face-off versus Jordan Staal in Blackhawks zone.
6:21 of 2nd period - Snap shot by Marko Dano.
6:21 of 2nd period - Shot Misses the Net.
6:23 of 2nd period - Slapshot by Dylan Larkin.
6:23 of 2nd period - Shot Misses the Net.
6:25 of 2nd period - Slapshot by Henrik Zetterberg.
6:25 of 2nd period - Deflect By Calvin de Haan.
6:25 of 2nd period - Shot Misses the Net.
6:25 of 2nd period - Puck is out of play.
6:26 of 2nd period - Jordan Staal wins face-off versus Henrik Zetterberg in Blackhawks zone.
6:37 of 2nd period - Snap shot by Johnny Gaudreau.
6:37 of 2nd period - Stopped by Robin Lehner with a rebound.
6:39 of 2nd period - Slapshot by Jamie McBain.
6:39 of 2nd period - Shot Misses the Net.
6:41 of 2nd period - Wrist shot by Johnny Gaudreau.
6:41 of 2nd period - Shot Blocked by Nino Niederreiter.
7:07 of 2nd period - Wrist shot by Antoine Roussel.
7:07 of 2nd period - Shot Blocked by David Rundblad.
7:09 of 2nd period - Slapshot by Calvin de Haan.
7:09 of 2nd period - Stopped by Robin Lehner with a rebound.
7:11 of 2nd period - Wrist shot by Calvin de Haan.
7:11 of 2nd period - Shot Misses the Net.
7:55 of 2nd period - Icing by Mike Richards.
7:56 of 2nd period - Mike Richards wins face-off versus Jordan Staal in Red Wings zone.
8:14 of 2nd period - Penalty to Radko Gudas is over, Radko Gudas is back on ice.
8:27 of 2nd period - T.J. Hensick is hit by Antoine Roussel and loses puck.
8:34 of 2nd period - Wrist shot by Corey Perry.
8:34 of 2nd period - Shot Hit the Post.
8:36 of 2nd period - Wrist shot by Corey Perry.
8:36 of 2nd period - Shot Misses the Net.
8:38 of 2nd period - Snap shot by Antoine Roussel.
8:38 of 2nd period - Shot Blocked by Jiri Fischer.
8:52 of 2nd period - Blake Wheeler is hit by Drew Fata and loses puck.
9:03 of 2nd period - Snap shot by Alexander Frolov.
9:03 of 2nd period - Deflect By Nick Bonino.
9:03 of 2nd period - Shot Misses the Net.
9:03 of 2nd period - Puck is out of play.
9:04 of 2nd period - Marko Dano wins face-off versus Nick Bonino in Red Wings zone.
9:31 of 2nd period - Snap shot by Corey Perry.
9:31 of 2nd period - Shot Blocked by Henrik Zetterberg.
9:33 of 2nd period - Minor Penalty to Henrik Zetterberg for Tripping.
9:34 of 2nd period - Jordan Staal wins face-off versus Kris Versteeg in Red Wings zone.
9:39 of 2nd period - Snap shot by Jakob Silfverberg.
9:39 of 2nd period - Shot Misses the Net.
9:47 of 2nd period - Wrist shot by Johnny Gaudreau.
9:47 of 2nd period - Shot Misses the Net.
10:21 of 2nd period - Slapshot by Drew Fata.
10:21 of 2nd period - Shot Misses the Net.
10:23 of 2nd period - Snap shot by Michael Haley.
10:23 of 2nd period - Deflect By T.J. Hensick.
10:23 of 2nd period - Goal by T.J. Hensick - Blackhawks : 0 - Red Wings : 2.
10:24 of 2nd period - Jordan Staal wins face-off versus Kris Versteeg in neutral zone.
10:46 of 2nd period - Carson Mcmillan is hit by Jakob Silfverberg and loses puck.
10:57 of 2nd period - Snap shot by Philip Samuelsson.
10:57 of 2nd period - Shot Blocked by Jamie McBain.
11:33 of 2nd period - Penalty to Henrik Zetterberg is over, Henrik Zetterberg is back on ice.
11:42 of 2nd period - Slapshot by Calvin de Haan.
11:42 of 2nd period - Stopped by Robin Lehner with a rebound.
11:44 of 2nd period - Slapshot by Raphael Diaz.
11:44 of 2nd period - Shot Blocked by Ryan O'Byrne.
11:50 of 2nd period - Slapshot by James Wright.
11:50 of 2nd period - Deflect By Blake Wheeler.
11:50 of 2nd period - Shot Misses the Net.
11:50 of 2nd period - Puck is out of play.
11:51 of 2nd period - Henrik Zetterberg wins face-off versus Nick Bonino in Red Wings zone.
12:20 of 2nd period - Wrist shot by Michael Haley.
12:20 of 2nd period - Shot Misses the Net.
12:32 of 2nd period - Wrist shot by Jakob Silfverberg.
12:32 of 2nd period - Stopped by Robin Lehner without a rebound.
12:33 of 2nd period - Derek Roy wins face-off versus Henrik Zetterberg in Red Wings zone.
12:39 of 2nd period - Minor Penalty to Henrik Zetterberg for Kneeing.
12:40 of 2nd period - Jordan Staal wins face-off versus Kris Versteeg in Red Wings zone.
12:55 of 2nd period - Wrist shot by Johnny Gaudreau.
12:55 of 2nd period - Stopped by Robin Lehner with a rebound.
12:57 of 2nd period - Wrist shot by Jakob Silfverberg.
12:57 of 2nd period - Stopped by Robin Lehner with a rebound.
13:22 of 2nd period - Icing by Raphael Diaz.
13:23 of 2nd period - Derek Roy wins face-off versus Kris Versteeg in Blackhawks zone.
14:02 of 2nd period - Snap shot by T.J. Hensick.
14:02 of 2nd period - Stopped by Tuukka Rask without a rebound.
14:03 of 2nd period - Kris Versteeg wins face-off versus Derek Roy in Blackhawks zone.
14:25 of 2nd period - Off-side.
14:26 of 2nd period - T.J. Hensick wins face-off versus Corey Perry in neutral zone.
14:38 of 2nd period - Slapshot by T.J. Hensick.
14:38 of 2nd period - Deflect By Michael Haley.
14:38 of 2nd period - Stopped by Tuukka Rask without a rebound.
14:39 of 2nd period - Penalty to Henrik Zetterberg is over, Henrik Zetterberg is back on ice.
14:39 of 2nd period - Jordan Staal wins face-off versus Henrik Zetterberg in Blackhawks zone.
14:56 of 2nd period - Slapshot by Henrik Zetterberg.
14:56 of 2nd period - Deflect By Nino Niederreiter.
14:56 of 2nd period - Shot Blocked by Jamie McBain.
14:56 of 2nd period - Puck is out of play.
14:57 of 2nd period - Derek Roy wins face-off versus Mike Richards in Blackhawks zone.
15:03 of 2nd period - Radko Gudas is hit by Dylan Larkin.
15:07 of 2nd period - Snap shot by Antoine Roussel.
15:07 of 2nd period - Shot Misses the Net.
15:13 of 2nd period - Backhand shot by Corey Perry.
15:13 of 2nd period - Shot Blocked by Ole-Kristian Tollefsen.
15:19 of 2nd period - Minor Penalty to Mike Richards for Elbowing.
15:20 of 2nd period - Kris Versteeg wins face-off versus Jordan Staal in Red Wings zone.
15:29 of 2nd period - Slapshot by Carson Mcmillan.
15:29 of 2nd period - Stopped by Tuukka Rask without a rebound.
15:30 of 2nd period - Jordan Staal wins face-off versus Kris Versteeg in Blackhawks zone.
15:47 of 2nd period - Slapshot by Jamie McBain.
15:47 of 2nd period - Shot Misses the Net.
16:15 of 2nd period - Snap shot by Jordan Staal.
16:15 of 2nd period - Stopped by Robin Lehner with a rebound.
16:29 of 2nd period - Slapshot by Jamie McBain.
16:29 of 2nd period - Shot Blocked by Carson Mcmillan.
17:14 of 2nd period - Snap shot by Jakob Silfverberg.
17:14 of 2nd period - Shot Blocked by Michael Haley.
17:19 of 2nd period - Penalty to Mike Richards is over, Mike Richards is back on ice.
17:40 of 2nd period - Slapshot by Johnny Gaudreau.
17:40 of 2nd period - Stopped by Robin Lehner with a rebound.
17:58 of 2nd period - Snap shot by Jordan Staal.
17:58 of 2nd period - Shot Misses the Net.
18:00 of 2nd period - Wrist shot by Johnny Gaudreau.
18:00 of 2nd period - Stopped by Robin Lehner with a rebound.
18:02 of 2nd period - Snap shot by Jakob Silfverberg.
18:02 of 2nd period - Goal by Jakob Silfverberg - Blackhawks : 1 - Red Wings : 2.
18:03 of 2nd period - Corey Perry wins face-off versus Henrik Zetterberg in neutral zone.
18:35 of 2nd period - Slapshot by Calvin de Haan.
18:35 of 2nd period - Stopped by Robin Lehner with a rebound.
18:37 of 2nd period - Slapshot by Raphael Diaz.
18:37 of 2nd period - Deflect By Connor Brown.
18:37 of 2nd period - Stopped by Robin Lehner with a rebound.
18:39 of 2nd period - Slapshot by Raphael Diaz.
18:39 of 2nd period - Stopped by Robin Lehner without a rebound.
18:40 of 2nd period - Mike Richards wins face-off versus James Wright in Red Wings zone.
18:52 of 2nd period - Slapshot by Jiri Fischer.
18:52 of 2nd period - Stopped by Tuukka Rask without a rebound.
18:53 of 2nd period - Derek Roy wins face-off versus Henrik Zetterberg in Blackhawks zone.
19:20 of 2nd period - Raphael Diaz is hit by Philip Samuelsson and loses puck.
19:35 of 2nd period - Minor Penalty to Philip Samuelsson for Roughing.
19:36 of 2nd period - Derek Roy wins face-off versus Kris Versteeg in Red Wings zone.
19:39 of 2nd period - Snap shot by Antoine Roussel.
19:39 of 2nd period - Shot Misses the Net.
19:41 of 2nd period - Slapshot by Radko Gudas.
19:41 of 2nd period - Stopped by Robin Lehner with a rebound.
19:43 of 2nd period - Snap shot by Derek Roy.
19:43 of 2nd period - Shot Hit the Post.
19:45 of 2nd period - Snap shot by Antoine Roussel.
19:45 of 2nd period - Shot Blocked by Carson Mcmillan.
Goals for this period are 1 for Blackhawks vs 1 for Red Wings.
Shots for this period are 20 for Blackhawks vs 8 for Red Wings.
3rd period
0:01 of 3rd period - Kris Versteeg wins face-off versus Jordan Staal in neutral zone.
0:04 of 3rd period - Wrist shot by Drew Fata.
0:04 of 3rd period - Stopped by Tuukka Rask without a rebound.
0:05 of 3rd period - Kris Versteeg wins face-off versus Jordan Staal in Blackhawks zone.
0:06 of 3rd period - Snap shot by Carson Mcmillan.
0:06 of 3rd period - Stopped by Tuukka Rask with a rebound.
1:35 of 3rd period - Penalty to Philip Samuelsson is over, Philip Samuelsson is back on ice.
2:16 of 3rd period - Snap shot by Connor Brown.
2:16 of 3rd period - Shot Misses the Net.
2:18 of 3rd period - Wrist shot by Dylan Larkin.
2:18 of 3rd period - Shot Misses the Net.
2:59 of 3rd period - Carson Mcmillan is hit by Derek Roy.
3:14 of 3rd period - Slapshot by Jay Bouwmeester.
3:14 of 3rd period - Stopped by Robin Lehner without a rebound.
3:15 of 3rd period - Derek Roy wins face-off versus Mike Richards in Red Wings zone.
3:38 of 3rd period - Ryan O'Byrne is hit by Calvin de Haan and loses puck.
4:10 of 3rd period - Slapshot by Connor Brown.
4:10 of 3rd period - Stopped by Tuukka Rask with a rebound.
4:12 of 3rd period - Slapshot by Ryan O'Byrne.
4:12 of 3rd period - Shot Misses the Net.
4:14 of 3rd period - Wrist shot by Mike Richards.
4:14 of 3rd period - Deflect By Connor Brown.
4:14 of 3rd period - Shot Misses the Net.
4:14 of 3rd period - Puck is out of play.
4:15 of 3rd period - Marko Dano wins face-off versus Jordan Staal in Blackhawks zone.
4:30 of 3rd period - Wrist shot by Johnny Gaudreau.
4:30 of 3rd period - Stopped by Robin Lehner without a rebound.
4:31 of 3rd period - Jordan Staal wins face-off versus Kris Versteeg in Red Wings zone.
5:14 of 3rd period - Wrist shot by Brett Maclean.
5:14 of 3rd period - Deflect By Nick Bonino.
5:14 of 3rd period - Stopped by Robin Lehner without a rebound.
5:15 of 3rd period - T.J. Hensick wins face-off versus Nick Bonino in Red Wings zone.
5:46 of 3rd period - Slapshot by Nino Niederreiter.
5:46 of 3rd period - Shot Blocked by Jordan Staal.
5:48 of 3rd period - Snap shot by Philip Samuelsson.
5:48 of 3rd period - Shot Blocked by Calvin de Haan.
5:50 of 3rd period - Snap shot by Nino Niederreiter.
5:50 of 3rd period - Shot Misses the Net.
6:32 of 3rd period - Slapshot by Jamie McBain.
6:32 of 3rd period - Shot Blocked by Drew Fata.
6:34 of 3rd period - Snap shot by James Wright.
6:34 of 3rd period - Stopped by Robin Lehner with a rebound.
6:36 of 3rd period - Slapshot by Blake Wheeler.
6:36 of 3rd period - Shot Misses the Net.
7:06 of 3rd period - Slapshot by Colby Armstrong.
7:06 of 3rd period - Stopped by Robin Lehner without a rebound.
7:07 of 3rd period - Henrik Zetterberg wins face-off versus Nick Bonino in Red Wings zone.
7:22 of 3rd period - Snap shot by Nick Bonino.
7:22 of 3rd period - Shot Misses the Net.
7:24 of 3rd period - Slapshot by Radko Gudas.
7:24 of 3rd period - Deflect By Nino Niederreiter.
7:24 of 3rd period - Stopped by Robin Lehner with a rebound.
7:34 of 3rd period - Jamie McBain is hit by Marko Dano and loses puck.
8:04 of 3rd period - Icing by Philip Samuelsson.
8:05 of 3rd period - Jordan Staal wins face-off versus Henrik Zetterberg in Red Wings zone.
8:32 of 3rd period - Marko Dano is hit by Jakob Silfverberg and loses puck.
8:39 of 3rd period - Slapshot by Ole-Kristian Tollefsen.
8:39 of 3rd period - Shot Blocked by Raphael Diaz.
8:41 of 3rd period - Backhand shot by Marko Dano.
8:41 of 3rd period - Stopped by Tuukka Rask without a rebound.
8:42 of 3rd period - Mike Richards wins face-off versus Derek Roy in Blackhawks zone.
8:43 of 3rd period - Wrist shot by Connor Brown.
8:43 of 3rd period - Stopped by Tuukka Rask without a rebound.
8:44 of 3rd period - Derek Roy wins face-off versus Mike Richards in Blackhawks zone.
9:01 of 3rd period - Snap shot by Derek Roy.
9:01 of 3rd period - Stopped by Robin Lehner with a rebound.
9:19 of 3rd period - Carson Mcmillan is hit by Johnny Gaudreau and loses puck.
10:34 of 3rd period - Wrist shot by Connor Brown.
10:34 of 3rd period - Stopped by Tuukka Rask without a rebound.
10:35 of 3rd period - Derek Roy wins face-off versus Henrik Zetterberg in Blackhawks zone.
10:35 of 3rd period - Derek Roy is hit by Ole-Kristian Tollefsen.
11:44 of 3rd period - Blake Wheeler is hit by Tye McGinn and loses puck.
12:51 of 3rd period - Snap shot by Carson Mcmillan.
12:51 of 3rd period - Stopped by Tuukka Rask without a rebound.
12:52 of 3rd period - Henrik Zetterberg wins face-off versus Jordan Staal in Blackhawks zone.
13:09 of 3rd period - Snap shot by Marko Dano.
13:09 of 3rd period - Stopped by Tuukka Rask without a rebound.
13:10 of 3rd period - Derek Roy wins face-off versus Mike Richards in Blackhawks zone.
13:10 of 3rd period - Derek Roy is hit by Dylan Larkin.
13:32 of 3rd period - Minor Penalty to Mike Richards for Goalie Interference.
13:33 of 3rd period - Jordan Staal wins face-off versus Kris Versteeg in Red Wings zone.
14:20 of 3rd period - Ole-Kristian Tollefsen is hit by Jakob Silfverberg and loses puck.
15:20 of 3rd period - Snap shot by Drew Fata.
15:20 of 3rd period - Deflect By T.J. Hensick.
15:20 of 3rd period - Shot Blocked by Derek Roy.
15:20 of 3rd period - Puck is out of play.
15:21 of 3rd period - Derek Roy wins face-off versus T.J. Hensick in Blackhawks zone.
15:32 of 3rd period - Penalty to Mike Richards is over, Mike Richards is back on ice.
15:56 of 3rd period - Minor Penalty to Blake Wheeler for Roughing.
15:57 of 3rd period - Henrik Zetterberg wins face-off versus Jordan Staal in Blackhawks zone.
16:59 of 3rd period - Icing by Kris Versteeg.
17:00 of 3rd period - Corey Perry wins face-off versus Mike Richards in Red Wings zone.
17:06 of 3rd period - Icing by Connor Brown.
17:07 of 3rd period - Mike Richards wins face-off versus Jordan Staal in Red Wings zone.
17:40 of 3rd period - Wrist shot by Kris Versteeg.
17:40 of 3rd period - Shot Blocked by Jamie McBain.
17:56 of 3rd period - Penalty to Blake Wheeler is over, Blake Wheeler is back on ice.
18:02 of 3rd period - Backhand shot by David Rundblad.
18:02 of 3rd period - Deflect By Mike Richards.
18:02 of 3rd period - Stopped by Tuukka Rask without a rebound.
18:03 of 3rd period - James Wright wins face-off versus Henrik Zetterberg in Blackhawks zone.
18:18 of 3rd period - Slapshot by Drew Fata.
18:18 of 3rd period - Shot Blocked by Alexander Frolov.
18:30 of 3rd period - Blake Wheeler is hit by Michael Haley and loses puck.
18:47 of 3rd period - Matthew Spiller is hit by Marko Dano and loses puck.
18:54 of 3rd period - Marko Dano is hit by Johnny Gaudreau and loses puck.
18:57 of 3rd period - Blackhawks, Tuukka Rask is pulled from the net.
19:13 of 3rd period - Slapshot by Philip Samuelsson.
19:13 of 3rd period - Shot Misses the Net.
19:15 of 3rd period - Wrist shot by Marko Dano.
19:15 of 3rd period - Shot Misses the Net.
19:25 of 3rd period - Wrist shot by Nino Niederreiter.
19:25 of 3rd period - Shot Misses the Net.
19:27 of 3rd period - Slapshot by Ole-Kristian Tollefsen.
19:27 of 3rd period - Goal by Ole-Kristian Tollefsen - Blackhawks : 1 - Red Wings : 3.
19:27 of 3rd period - Tuukka Rask from Blackhawks was sent back in the game.
19:28 of 3rd period - James Wright wins face-off versus Kris Versteeg in neutral zone.
Goals for this period are 0 for Blackhawks vs 1 for Red Wings.
Shots for this period are 7 for Blackhawks vs 10 for Red Wings.